 Dungeon Crawl Stone Soup version 0.28.0-45-g0d030f2227 (webtiles) character file.

Game seed: 8976532232074044244

149379 Icepheonix32 the Impaler (level 16, -1/138 HPs)
             Began as a Demonspawn Fighter on Apr 8, 2022.
             Was the Champion of Qazlal.
             Succumbed to Aizul's bolt of poison
             ... on level 15 of the Dungeon.
             The game lasted 00:56:38 (25935 turns).

Icepheonix32 the Impaler (Demonspawn Fighter)      Turns: 25935, Time: 00:56:43

Health: -1/138     AC: 28    Str: 27    XL:     16   Next: 96%
Magic:  23/23      EV: 10    Int: 11    God:    Qazlal [******]
Gold:   1861       SH: 19    Dex: 18    Spells: 15/15 levels left

rFire   . . .      SeeInvis +   l - +8 glaive of the Guard {elec, spectral, AC+5}
rCold   . . .      Faith    .   (shield currently unavailable)
rNeg    + + +      Spirit   .   M - +3 chain mail
rPois   .          Reflect  +   C - +0 helmet of the Pleiades {Regen+ Str+3}
rElec   +          Harm     .   w - +0 cloak
rCorr   +          Rampage  .   i - +1 pair of gloves
Will    +....                   z - +2 pair of boots of Paranoia {rElec}
Stlth   ..........              B - amulet of reflection
HPRegen 1.13/turn               N - ring of see invisible
MPRegen 0.18/turn               a - ring "Nut Naext" {rN+++ rCorr Dex+6 Stlth-}

@: lethally poisoned (-1 -> -10), studying 2 skills, repel missiles
A: large bone plates 2, foul stench 3, spiny 3, weakness stinger 2
a: Renounce Religion, Upheaval, Elemental Force, Disaster Area


You were on level 15 of the Dungeon.
You worshipped Qazlal.
Qazlal was exalted by your worship.
You visited 5 branches of the dungeon, and saw 25 of its levels.
You also visited: Bailey and Gauntlet.

You collected 2887 gold pieces.
You spent 1026 gold pieces at shops.

Inventory:

Hand Weapons
 l - the +8 glaive of the Guard (weapon) {elec, spectral, AC+5}
   (You took it off an orc on level 7 of the Dungeon)

   It occasionally discharges a powerful burst of electricity upon striking a
   foe.
   When it strikes, its spirit leaps out and fights alongside the wielder.
   AC:        It affects your AC (+5).
 F - the +5 sword of Power {vorpal}
   (You took it off a minotaur in a Gauntlet)

   It inflicts extra damage upon your enemies.
   It occasionally discharges a powerful but inaccurate bolt of energy upon
   striking a foe, with increased chance the greater the wielder's current
   health.
 W - the +7 quarterstaff of Nightmares {vamp, rC+ rN+ rCorr Dex+2}
   (You found it in a Gauntlet)

   It occasionally heals its wielder for a portion of the damage dealt when it
   wounds a living foe.
   Dex:       It affects your dexterity (+2).
   rC:        It protects you from cold.
   rN:        It protects you from negative energy.
   rCorr:     It protects you from acid and corrosion.
Missiles
 b - 3 boomerangs of dispersal
 s - 19 poisoned darts
 u - 6 throwing nets (quivered)
 y - 21 boomerangs
 K - 20 javelins
 Y - 4 atropa-tipped darts
Armour
 i - a +1 pair of gloves (worn)
 p - a +1 chain mail of fire resistance
 w - a +0 cloak (worn)
 z - the +2 pair of boots of Paranoia (worn) {rElec}
   (You found it in a Gauntlet)

   rElec:     It insulates you from electricity.
 C - the +0 helmet of the Pleiades (worn) {Regen+ Str+3}
   (You acquired it on level 14 of the Dungeon)

   Str:       It affects your strength (+3).
   Regen:     It increases your rate of health regeneration.
 M - a +3 chain mail (worn)
 S - a +2 buckler of resistance
 U - a +2 buckler of protection
Jewellery
 a - the ring "Nut Naext" (right hand) {rN+++ rCorr Dex+6 Stlth-}
   (You acquired it on level 2 of the Orcish Mines)

   [ring of dexterity]

   Dex:       It affects your dexterity (+6).
   rN:        It renders you almost immune to negative energy.
   rCorr:     It protects you from acid and corrosion.
   Stlth:     It makes you less stealthy.
 j - a ring of protection from fire
 x - a ring of flight
 B - an amulet of reflection (around neck)
 N - a ring of see invisible (left hand)
 Q - a ring of protection from cold
Wands
 c - a wand of paralysis (10)
 v - a wand of charming (5)
 G - a wand of acid (21)
 H - a wand of flame (46)
 O - a wand of iceblast (22)
 T - a wand of mindburst (4)
 Z - a wand of digging (9)
Scrolls
 d - 4 scrolls of enchant weapon
 e - 4 scrolls of magic mapping
 f - 5 scrolls of fog
 q - 6 scrolls of vulnerability
 t - 4 scrolls of immolation
 I - 9 scrolls of teleportation
 L - a scroll of silence
 R - a scroll of blinking
Potions
 g - 3 potions of mutation
 h - 18 potions of curing
 k - 3 potions of haste
 m - 4 potions of ambrosia
 n - a potion of magic
 o - 5 potions of heal wounds
 r - 5 potions of attraction
 A - 5 potions of lignification
 E - 6 potions of flight
 J - a potion of invisibility
 P - 3 potions of cancellation
 V - 2 potions of berserk rage
 X - 4 potions of resistance
Miscellaneous
 D - a phantom mirror


   Skills:
 + Level 16.0 Fighting
 - Level 3.2(3.7) Short Blades
 - Level 2.3(3.2) Long Blades
 * Level 19.2 Polearms
 + Level 3.4 Throwing
 + Level 9.3 Armour
 + Level 3.6 Dodging
 + Level 3.8 Stealth
 - Level 9.7 Shields
 + Level 10.4 Invocations
 * Level 8.5 Evocations


You had 15 spell levels left.
You didn't know any spells.
Your spell library contained the following spells:

 Spells                   Type           Power      Damage    Failure   Level
 Foxfire                  Conj/Fire      0%         2x1d4     86%         1
 Pain                     Necr           0%         1d4       86%         1
 Sting                    Tmut/Pois      0%         1d3       86%         1
 Summon Small Mammal      Summ           0%         N/A       86%         1
 Poisonous Vapours        Pois/Air       0%         N/A       94%         2
 Scorch                   Fire           0%         2d5       94%         2
 Sublimation of Blood     Necr           0%         N/A       94%         2
 Wereblood                Tmut           0%         N/A       94%         2
 Call Canine Familiar     Summ           0%         N/A       99%         3
 Conjure Flame            Conj/Fire      0%         6-21      99%         3
 Frozen Ramparts          Ice            0%         1d2       99%         3
 Ignite Poison            Fire/Tmut/Pois 0%         N/A       99%         3
 Inner Flame              Hex/Fire       0%         N/A       99%         3
 Mephitic Cloud           Conj/Pois/Air  0%         N/A       99%         3
 Summon Guardian Golem    Hex/Summ       0%         N/A       99%         3
 Flame Wave               Conj/Fire      0%         2d4       100%        4
 Ice Form                 Ice/Tmut       0%         N/A       100%        4
 Olgreb's Toxic Radiance  Pois           0%         N/A       100%        4
 Petrify                  Tmut/Erth      0%         N/A       100%        4
 Summon Ice Beast         Ice/Summ       0%         N/A       100%        4
 Agony                    Necr           0%         N/A       100%        5
 Excruciating Wounds      Necr           0%         N/A       100%        5
 Freezing Cloud           Conj/Ice/Air   0%         6-21      100%        5
 Metabolic Englaciation   Hex/Ice        0%         N/A       100%        5
 Summon Forest            Summ/Tloc      0%         N/A       100%        5
 Summon Mana Viper        Hex/Summ       0%         N/A       100%        5
 Simulacrum               Ice/Necr       0%         N/A       100%        6
 Statue Form              Tmut/Erth      0%         N/A       100%        6
 Summon Cactus Giant      Summ           0%         N/A       100%        6
 Malign Gateway           Summ/Tloc      0%         N/A       100%        7
 Summon Hydra             Summ           0%         N/A       100%        7
 Polar Vortex             Ice            0%         N/A       100%        9


Dungeon Overview and Level Annotations

Branches:
Dungeon (15/15)            Temple (1/1) D:6            Lair (6/6) D:9
 Shoals (0/4) Lair:2       Spider (0/4) Lair:3        Slime (0/5) Lair:5
    Orc (2/2) D:12            Elf (0/3) Orc:2        Vaults (0/5) D:14
 Depths (1/4) D:15         Bailey (visited)         Gauntlet (visited)

Altars:
Ashenzari
Cheibriados
Dithmenos
Elyvilon
Fedhas
Gozag
Hepliaklqana
Kikubaaqudgha
Makhleb
Nemelex Xobeh
Okawaru
Qazlal
Ru
Sif Muna
Trog
Uskayaw
Vehumet
Wu Jian
Xom
Yredelemnul
Zin
The Shining One

Shops:
Orc:2 ?!:[(

Portals:
Pandemonium: Orc:2
Trove: D:11 (show slimy rune of Zot)

Annotations:
Lair:5 2 transporters, AverageBear's ghost, journeyman DDFi
Depths:1 Aizul


Innate Abilities, Weirdness & Mutations

You are mostly covered in large bone plates. (SH +6)
You frequently emit foul miasma when damaged in melee.
You are completely covered in sharp spines.
You have a tail ending in a sharp stinger.


Message History

You slash the great orb of eyes!
The great orb of eyes is severely wounded.
Your +8 glaive of the Guard {elec, spectral, AC+5} hits the great orb of eyes from afar!!
You kill the great orb of eyes!
Qazlal accepts your kill.
You feel sick.
The spectral caustic shrike is engulfed in blazing flames.
Aizul hits your +8 glaive of the Guard {elec, spectral, AC+5}!
Your spectral weapon shares its damage with you!
You slice the spectral caustic shrike!!
The spectral caustic shrike is almost destroyed.
Your +8 glaive of the Guard {elec, spectral, AC+5} hits the spectral caustic shrike from afar!!
You destroy the spectral caustic shrike!
Qazlal accepts your kill.
You feel sick.
The spectral caustic shrike is engulfed in blazing flames.
The cyan very ugly thing pecks your +8 glaive of the Guard {elec, spectral, AC+5}.
Your spectral weapon shares its damage with you!
The cyan very ugly thing shocks your +8 glaive of the Guard {elec, spectral, AC+5}!
Your +8 glaive of the Guard {elec, spectral, AC+5} resists.
Your spectral weapon shares its damage with you!
Your +8 glaive of the Guard {elec, spectral, AC+5} fades away.
Aizul coils herself and waves her upper body at you.
The bolt of poison hits you!
You are more poisoned.
The red very ugly thing basks in the mutagenic energy from its kin and changes!
You feel very sick.
Aizul coils herself and waves her upper body at you.
You fall asleep.
The green ugly thing basks in the mutagenic energy from its kin and changes!
The cyan very ugly thing basks in the mutagenic energy from its kin and changes!
Aizul yawns, and then pretends she didn't.
You feel very sick. Aizul barely misses you. The deep troll bites you!
You wake up.
* * * LOW HITPOINT WARNING * * *
You emit a cloud of foul miasma!
The deep troll claws you!!
* * * LOW HITPOINT WARNING * * *
The deep troll claws you but does no damage.
You climb upwards.
Welcome back to the Dungeon!
You die...

# ##.## ###.))...#.....## #
####.### ##..#####.#......###
..##.#.##### #...#.....#......##.
...#.......###...#..#.#.#.#...#..
.................#.#...#.........
.................#.....#........#
...........###.....#..⌠#.......##
#...........##.####.####......##
##.........[.#.#@T.#........#.#
#...........<[.#†....#.....##.##
#.............)#...#.########..#
#...........#.#.#.#..# ##.##
...............#.....# #..#
...............#.##### ##.#
...............#.# #..
............####.# ##.
#..........## #.###### ##.


You could see a deep troll (strong).

Vanquished Creatures
  Kirke (D:14)
  Roxanne (D:14)
  2 spectral caustic shrikes (Depths:1)
  A very ugly thing (Depths:1)
  A reaper (Gauntlet)
  4 dire elephants (Lair:6)
  A minotaur (Gauntlet)
  Snorg (D:13)
  2 ettins
  A fire dragon (D:11)
  A great orb of eyes (Depths:1)
  A vault guard (D:14)
  Harold (D:7)
  3 boulder beetles
  3 demonspawn (Orc:2)
  6 hydras
  3 ogre magi (D:15)
  21 two-headed ogres
  5 centaur warriors
  A catoblepas (D:13)
  7 death yaks
  A deep troll shaman (Depths:1)
  6 tengu warriors
  8 orc high priests (Orc:2)
  A spectral death yak (Lair:6)
  An iron troll (D:15)
  A glowing orange brain (Gauntlet)
  An obsidian statue (Lair:6)
  A spectral anaconda (Lair:6)
  2 deep trolls
  A wizard (D:15)
  A deep elf pyromancer (D:15)
  8 orc knights
  5 necromancers
  5 orc sorcerers
  6 manticores
  5 ugly things
  4 cyclopes
  6 black mambas
  A rust devil (Orc:2)
  44 elephants
  An orange demon (Orc:2)
  2 torpor snails
  2 gargoyles
  Maggie (D:8)
  12 cane toads
  2 rime drakes (Lair:2)
  An unseen horror (D:11)
  A kobold demonologist (D:13)
  13 komodo dragons
  2 dire elephant skeletons (Lair:6)
  3 efreet
  2 tengu conjurers
  A hellwing (Orc:2)
  4 meliai
  A queen bee (D:10)
  A troll (shapeshifter) (D:11)
  2 polar bears
  5 trolls
  A hornet (D:11)
  15 blink frogs
  A tarantella (shapeshifter) (D:13)
  Prince Ribbit (D:7)
  19 slime creatures
  2 spectral elephants (Lair:6)
  Grinder (D:3)
  5 dream sheep (Lair:6)
  2 jumping spiders (Lair:3)
  Sigmund (D:2)
  A centaur simulacrum (D:15)
  61 yaks
  A culicivora (shapeshifter) (D:15)
  4 culicivoras (Lair:3)
  3 shadows
  A water elemental (D:15)
  6 wyverns
  6 wraiths
  5 redbacks (Lair:3)
  A ynoxinul (Orc:2)
  5 death yak simulacra (Lair:6)
  11 humans (D:14)
  5 basilisks
  3 hogs (D:14)
  A steam dragon (D:8)
  Eustachio (D:5)
  2 vampire mosquitoes (D:11)
  A neqoxec (Orc:2)
  Grum (D:8)
  4 wargs
  2 acid dragons
  29 water moccasins
  Duvessa (D:5)
  42 orc warriors
  3 black bears
  2 necrophages
  10 ogres
  An elephant skeleton (Lair:6)
  18 centaurs
  4 wolves (D:8)
  A phantom (D:6)
  2 kobold brigands
  11 bullfrogs
  A cane toad simulacrum (Lair:6)
  A scorpion (D:5)
  Dowan (D:5)
  8 wights
  2 elephant simulacra (Lair:6)
  39 killer bees
  2 howler monkeys
  3 centaur zombies
  15 jellies
  5 hounds
  Crazy Yiuf (D:2)
  Ijyb (D:3)
  30 orc priests
  A gnoll shaman (D:10)
  4 iguanas
  Terence (D:2)
  33 orc wizards
  5 hell rats (Lair:5)
  A killer bee zombie (D:7)
  A hound skeleton (D:5)
  4 adders
  7 gnolls
  5 shadow imps
  An ufetubus (D:5)
  An adder skeleton (D:4)
  3 worms
  2 dart slugs
  117 orcs
  6 ball pythons
  11 endoplasms
  6 giant cockroaches
  14 goblins
  12 hobgoblins
  4 jackals (D:3)
  12 kobolds
  5 quokkas
  3 training dummies (Orc:2)
  7 bats
  7 frilled lizards
  3 rats (D:1)
  A spectral orc (D:8)
914 creatures vanquished.

Vanquished Creatures (others)
  18 fungi
  48 plants
  27 withered plants (Lair:6)
93 creatures vanquished.

Grand Total: 1007 creatures vanquished

Notes
Turn   | Place    | Note
-------+----------+-------------------------------------------
     0 | D:1      | Icepheonix32 the Demonspawn Fighter began the quest for the
                  | Orb.
     0 | D:1      | Reached XP level 1. HP: 18/18 MP: 1/1
   135 | D:1      | Gained mutation: You may rarely emit foul miasma when
                  | damaged in melee. [demonic ancestry]
   135 | D:1      | Reached XP level 2. HP: 4/24 MP: 2/2
   777 | D:1      | Gained mutation: You are partially covered in large bone
                  | plates. (SH +4) [demonic ancestry]
   777 | D:1      | Reached XP level 3. HP: 9/29 MP: 3/3
  1169 | D:1      | Found a faded altar of an unknown god.
  1560 | D:2      | Noticed Terence
  1566 | D:2      | Killed Terence
  1878 | D:2      | Gained mutation: You sometimes emit foul miasma when
                  | damaged in melee. [demonic ancestry]
  1878 | D:2      | Reached XP level 4. HP: 27/35 MP: 4/4
  2229 | D:2      | Noticed Sigmund
  2248 | D:2      | Killed Sigmund
  2249 | D:2      | Reached skill level 1 in Dodging
  2249 | D:2      | Gained mutation: You have a small tail. [demonic ancestry]
  2249 | D:2      | Reached XP level 5. HP: 9/42 MP: 5/5
  2769 | D:2      | Found a runed translucent door.
  2770 | D:2      | Noticed Crazy Yiuf
  2913 | D:2      | Killed Crazy Yiuf
  2914 | D:2      | Gained mutation: You are partially covered in sharp spines.
                  | [demonic ancestry]
  2914 | D:2      | Reached XP level 6. HP: 36/48 MP: 6/6
  3081 | D:3      | Identified the +5 quarterstaff of Sulphur {freeze, +Blink
                  | rC+ Dex+2}
  3346 | D:3      | Noticed Ijyb
  3347 | D:3      | Found an iron altar of Okawaru.
  3353 | D:3      | Killed Ijyb
  3572 | D:3      | Noticed Grinder
  3582 | D:3      | Paralysed by Grinder for 3 turns
  3587 | D:3      | Killed Grinder
  3588 | D:3      | Reached skill level 5 in Armour
  3588 | D:3      | Gained mutation: You have a tail ending in a sharp stinger.
                  | [demonic ancestry]
  3588 | D:3      | Reached XP level 7. HP: 37/54 MP: 7/7
  4183 | D:4      | Reached skill level 5 in Shields
  4778 | D:5      | Entered Level 5 of the Dungeon
  4934 | D:5      | Reached XP level 8. HP: 44/61 MP: 8/8
  5031 | D:5      | Noticed Eustachio
  5063 | D:5      | Killed Eustachio
  5499 | D:5      | Found a bloodstained altar of Trog.
  5555 | D:5      | Reached skill level 5 in Fighting
  5613 | D:5      | Noticed Duvessa
  5613 | D:5      | Noticed Dowan
  5621 | D:5      | Killed Duvessa
  5625 | D:5      | Killed Dowan
  6264 | D:6      | Gained mutation: You are mostly covered in large bone
                  | plates. (SH +6) [demonic ancestry]
  6264 | D:6      | Reached XP level 9. HP: 68/68 MP: 9/9
  6326 | D:6      | Found a staircase to the Ecumenical Temple.
  6350 | Temple   | Entered the Ecumenical Temple
  6542 | D:6      | Reached skill level 1 in Short Blades
  7197 | D:7      | Found a sparkling altar of Nemelex Xobeh.
  7232 | D:7      | Noticed Harold
  7249 | D:7      | Killed Harold
  7257 | D:7      | Gained mutation: You frequently emit foul miasma when
                  | damaged in melee. [demonic ancestry]
  7257 | D:7      | Reached XP level 10. HP: 37/77 MP: 10/10
  7303 | D:7      | Found a stormy altar of Qazlal.
  7315 | D:7      | Became a worshipper of Qazlal Stormbringer
  7364 | D:7      | Noticed Prince Ribbit
  7365 | D:7      | Found a flagged portal.
  7401 | D:7      | Killed Prince Ribbit
  7518 | Bailey   | Entered a bailey
  7715 | Bailey   | Reached skill level 1 in Throwing
  8054 | Bailey   | Reached skill level 1 in Polearms
  8080 | Bailey   | Reached * piety under Qazlal
  8092 | Bailey   | Reached skill level 1 in Invocations
  8183 | Bailey   | Reached skill level 1 in Evocations
  8319 | Bailey   | Reached skill level 2 in Polearms
  8344 | Bailey   | Reached skill level 3 in Polearms
  8802 | D:7      | Found an opulent altar of Gozag.
  9070 | D:7      | Reached skill level 9 in Polearms
  9070 | D:7      | Gained mutation: You are mostly covered in sharp spines.
                  | [demonic ancestry]
  9070 | D:7      | Reached XP level 11. HP: 84/84 MP: 12/12
  9105 | D:8      | Reached ** piety under Qazlal
  9115 | D:8      | Noticed Grum
  9121 | D:8      | Killed Grum
  9257 | D:8      | Noticed Maggie
  9266 | D:8      | Killed Maggie
  9386 | D:8      | Found a blossoming altar of Fedhas.
  9630 | D:8      | Found a basalt altar of Yredelemnul.
  9819 | D:9      | Found a staircase to the Lair.
  9828 | D:9      | Reached XP level 12. HP: 90/92 MP: 14/14
  9846 | D:9      | Reached *** piety under Qazlal
  9869 | D:9      | Noticed a tengu warrior
  9875 | D:9      | Killed a tengu warrior
  9876 | D:9      | Reached skill level 10 in Polearms
 10097 | D:9      | Found a shimmering blue altar of Sif Muna.
 10620 | D:10     | Entered Level 10 of the Dungeon
 10802 | D:10     | You fall into a shaft and drop 3 floors!
 10885 | D:13     | Noticed a catoblepas
 10891 | D:13     | Killed a catoblepas
 11076 | D:12     | Reached **** piety under Qazlal
 11086 | D:12     | Found a staircase to the Orcish Mines.
 11281 | D:12     | Noticed a boulder beetle
 11289 | D:12     | Killed a boulder beetle
 11290 | D:12     | Reached skill level 11 in Polearms
 11290 | D:12     | Reached skill level 5 in Invocations
 11387 | D:11     | Noticed a two-headed ogre
 11390 | D:11     | Killed a two-headed ogre
 11391 | D:11     | Reached skill level 1 in Stealth
 11405 | D:11     | Noticed a two-headed ogre
 11407 | D:11     | Killed a two-headed ogre
 11420 | D:11     | Noticed a two-headed ogre
 11422 | D:11     | Killed a two-headed ogre
 11429 | D:11     | Noticed a two-headed ogre
 11436 | D:11     | Killed a two-headed ogre
 11487 | D:11     | Noticed a two-headed ogre
 11492 | D:11     | Killed a two-headed ogre
 11496 | D:11     | Reached skill level 12 in Polearms
 11509 | D:11     | Reached skill level 10 in Fighting
 11564 | D:11     | Gained mutation: You are completely covered in sharp
                  | spines. [demonic ancestry]
 11564 | D:11     | Reached XP level 13. HP: 92/103 MP: 17/17
 11630 | D:11     | Reached ***** piety under Qazlal
 11719 | D:11     | Noticed a fire dragon
 11724 | D:11     | Killed a fire dragon
 11834 | D:11     | Reached skill level 13 in Polearms
 12049 | D:11     | Found a portal to a secret trove of treasure.
 12629 | D:11     | Found a shadowy altar of Dithmenos.
 12990 | Orc:1    | Entered Level 1 of the Orcish Mines
 13351 | Orc:2    | Entered Level 2 of the Orcish Mines
 13492 | Orc:1    | Reached skill level 5 in Evocations
 13575 | Orc:2    | Found Wauwo's Magic Scroll Emporium.
 13593 | Orc:2    | Found Fironoe's Distillery.
 13629 | Orc:2    | Reached ****** piety under Qazlal
 13639 | Orc:2    | Bought a potion of heal wounds for 55 gold pieces
 13639 | Orc:2    | Bought a potion of lignification for 33 gold pieces
 13641 | Orc:2    | Bought a scroll of acquirement for 728 gold pieces
 13642 | Orc:2    | Acquired the ring "Nut Naext" {rN+++ rCorr Dex+6 Stlth-}
 13679 | Orc:2    | Reached skill level 14 in Polearms
 13797 | Orc:2    | Reached XP level 14. HP: 74/114 MP: 19/19
 13819 | Orc:2    | HP: 5/116 [sun demon[an orc high priest] (8)]
 14106 | Orc:2    | Found a bloodstained altar of Trog.
 14134 | Orc:2    | Found Lareileh's Firing Range.
 14191 | Orc:2    | Found a staircase to the Elven Halls.
 14527 | Orc:2    | Found Beahomp's Book Shop.
 14527 | Orc:2    | Found Jyoptes's Antique Armour Boutique.
 14530 | Orc:2    | Found a one-way gate leading to the halls of Pandemonium.
 14534 | Orc:2    | Bought a runed helmet for 210 gold pieces
 15811 | D:13     | Noticed Snorg
 15817 | D:13     | Killed Snorg
 15833 | D:13     | Reached skill level 15 in Polearms
 17090 | D:14     | Noticed Kirke
 17097 | D:14     | Noticed a sphinx
 17100 | D:14     | Killed Kirke
 17234 | D:14     | Identified the +11 great mace of Annihilation {freeze,
                  | rElec}
 17315 | D:14     | Found a gate to the Vaults.
 17316 | D:14     | Acquired the +0 helmet of the Pleiades {Regen+ Str+3}
 17369 | D:14     | Noticed Roxanne
 17381 | D:14     | Killed Roxanne
 17438 | D:14     | Found a shimmering blue altar of Sif Muna.
 17552 | D:15     | Entered Level 15 of the Dungeon
 17565 | D:15     | Reached XP level 15. HP: 118/125 MP: 22/22
 17740 | D:15     | Reached skill level 16 in Polearms
 17755 | D:15     | Paralysed by something for 4 turns
 17871 | D:15     | Reached skill level 10 in Invocations
 18829 | D:15     | Found a staircase to the Depths.
 19668 | Lair:1   | Entered Level 1 of the Lair of Beasts
 19794 | Depths:1 | Entered Level 1 of the Depths
 20854 | Lair:2   | Got the Handbook of the Escort
 20981 | Lair:2   | Found a staircase to the Shoals.
 21606 | Lair:3   | Reached skill level 17 in Polearms
 21625 | Lair:3   | Reached skill level 15 in Fighting
 21745 | Lair:3   | Found a hole to the Spider Nest.
 22556 | Lair:4   | Found a gate leading to a gauntlet.
 22568 | Gauntlet | Entered a Gauntlet
 22568 | Gauntlet | Found a transporter.
 22569 | Gauntlet | Found a runed translucent door.
 22571 | Gauntlet | Found a transporter.
 22573 | Gauntlet | Found a runed translucent door.
 22583 | Gauntlet | Found a transporter.
 22587 | Gauntlet | Found a transporter.
 22597 | Gauntlet | Found a transporter.
 22617 | Gauntlet | Found a transporter.
 22630 | Gauntlet | Found a transporter.
 22647 | Gauntlet | Found a transporter.
 22651 | Gauntlet | Found a transporter.
 22659 | Gauntlet | Found a transporter.
 22681 | Gauntlet | Found a transporter.
 22685 | Gauntlet | Found a transporter.
 22808 | Gauntlet | Identified the -5 helmet of Compression {rElec rPois
                  | Slay-4}
 22820 | Gauntlet | Reached XP level 16. HP: 136/136 MP: 23/23
 22824 | Gauntlet | Identified the +7 quarterstaff of Nightmares {vamp, rC+ rN+
                  | rCorr Dex+2}
 22834 | Gauntlet | Identified the +2 pair of boots of Paranoia {rElec}
 23827 | Lair:5   | Noticed AverageBear's ghost (journeyman DDFi)
 23838 | Lair:5   | Reached skill level 18 in Polearms
 23875 | Lair:5   | Found a transporter.
 23894 | Lair:5   | Found a transporter.
 24113 | Lair:5   | Found a bloodstained altar of Trog.
 24130 | Lair:5   | Found a staircase to the Slime Pits.
 24501 | Lair:6   | Entered Level 6 of the Lair of Beasts
 24808 | Lair:6   | Identified the +2 leather armour of Decompression {Drain
                  | rElec rN+ Slay+3}
 25494 | Lair:6   | Reached skill level 19 in Polearms
 25914 | Depths:1 | Noticed Aizul
 25934 | Depths:1 | HP: 3/138 [deep troll (21)]
 25935 | D:15     | Succumbed to Aizul's bolt of poison

Illustrated notes

Levels and vault maps discovered:
D:1:      dpeg_arrival_boxorama, layout_basic, ebering_ecumenical_altar_box,
          minmay_stone_trees_small, minmay_octomino_c4
D:2:      layout_loops_ring, uniq_terence, uniq_crazy_yiuf_cottage, uniq_sigmund
D:3:      layout_basic, okawaru_gym_becter, serial_shops, nicolae_square_shop,
          grunt_decor_resistance, minmay_starry_boxes, uniq_ijyb, uniq_grinder
D:4:      minmay_chambers_of_fours, layout_cave_pools, grunt_ministairs_5
D:5:      layout_basic, zin_academy, mainiacjoe_overflow_24_doors,
          uniq_eustachio, uniq_duvessa
D:6:      layout_basic, minmay_temple_entry_junction_2
D:7:      layout_rooms, old_standard_altar, mainiacjoe_overflow_alcove_1,
          lemuel_crystal_altar, enter_bailey_2, small_statue_intersection,
          uniq_harold, uniq_prince_ribbit1
D:8:      layout_rooms, yredelemnul_forgotten_temple_becter,
          mainiacjoe_overflow_small_starburst, uniq_maggie, uniq_grum
D:9:      layout_small_grid, kennysheep_mini, minmay_lair_entry_grove
D:10:     layout_long_grid, special_room [special_room_bee]
D:11:     minmay_the_grid_4x2 [minmay_the_grid_fan, minmay_the_grid_tiny_cups,
          minmay_the_grid_zigzag_pyramid, minmay_the_grid_expand,
          minmay_the_grid_minigrid_large, minmay_the_grid_odd_star,
          minmay_the_grid_square_x, minmay_the_grid_prize_inner_circle],
          layout_basic, nicolae_trove_entry_columns,
          nicolae_dithmenos_the_darkroom
D:12:     layout_grid_maze, erik_orc_4, due_unseen_surprise
D:13:     layout_cave_pods, uniq_snorg
D:14:     layout_irregular_city, ximxim_vaults_locker_room, led_sif_pool,
          uniq_kirke, uniq_roxanne
D:15:     hangedman_depths_entry_civil_slaughter, layout_cave_pods, minivault_4,
          minmay_misc_feat_roman, hangedman_abyss_or_decor_lesser_grid
Temple:   nicolae_temple_god_jail
Lair:1:   layout_cave_pods
Lair:2:   layout_roguey, elwin_shoals_entry_rocks
Lair:3:   layout_regular_city, nicolae_spider_entry_tight_spaces
Lair:4:   layout_cave_pods, gauntlet_entry_generic
Lair:5:   layout_misc_corridors, minmay_slime_entry_jelly_boxes,
          gammafunk_ghost_wrathful_warriors, beast_lair_carwin_2
Lair:6:   due_jungle_book, layout_small_grid, st_stairs_10, serial_bayou_shore_b
Orc:1:    layout_diamond_mine
Orc:2:    pf_orc_diabolical, layout_caves, basic_altar,
          nicolae_shop_firing_range
Depths:1: kennysheep_large_spiral, layout_cave_shapes, pf_hell_entry_tar_river,
          nicolae_qazlal_scattered_showers, minivault_1, bloody_trog,
          serial_bayou_shore_b, uniq_aizul

Skill      XL: |  1  2  3  4  5  6  7  8  9 10 11 12 13 14 15 16 |
---------------+-------------------------------------------------+-----
Long Blades    | 2 |  2.3
Armour         | 3 4 5 6 7 8 9 |  9.3
Shields        | 3 4 5 7 9 |  9.7
Dodging        | 1 2 3 |  3.6
Fighting       | 4 5 6 7 10 11 13 15 16 | 16.0
Short Blades   | 3 |  3.2
Throwing       | 2 3 |  3.4
Polearms       | 9 12 14 15 17 19 | 19.2
Invocations    | 2 3 6 7 9 10 | 10.4
Evocations     | 1 2 3 5 6 7 8 |  8.5
Stealth        | 1 2 3 |  3.8

Action                   |  1- 3 |  4- 6 |  7- 9 | 10-12 | 13-15 | 16-18 || total
-------------------------+-------+-------+-------+-------+-------+-------++-------
Melee: Long sword        |   122 |   107 |   163 |       |       |       ||   392
       Tailslap          |       |    12 |    44 |    21 |    74 |    55 ||   206
       Dagger            |       |       |   163 |    52 |       |       ||   215
       Glaive            |       |       |       |   240 |   664 |   282 ||  1186
Throw: Dart              |       |     2 |     3 |       |       |       ||     5
       Boomerang         |       |       |     3 |    74 |     7 |       ||    84
       Throwing net      |       |       |       |       |       |     1 ||     1
Evoke: Wand              |       |       |       |    10 |     3 |       ||    13
  Use: Potion            |     1 |     2 |       |     1 |     4 |       ||     8
       Scroll            |       |       |     6 |     7 |    13 |     1 ||    27
 Stab: Distracted        |       |       |       |     2 |     9 |    10 ||    21
Armor: Scale mail        |    66 |       |       |       |       |       ||    66
       Chain mail        |     6 |    52 |   134 |    82 |   100 |    76 ||   450
Dodge: Dodged            |    75 |    27 |    71 |    51 |    69 |    53 ||   346
       Repelled          |       |       |       |     1 |     4 |       ||     5
Block: Buckler           |    43 |    47 |   293 |    46 |       |       ||   429
       Reflection        |       |       |     4 |     2 |    22 |     1 ||    29
       Other             |       |       |       |    95 |   244 |   135 ||   474
